 Dungeon Crawl Stone Soup version 0.27-a0-1586-gd5c625afe7 (webtiles) character file.

Game seed: 7917317245160767137

10930 HAL9000 the Covert (level 11, -3/53 HPs)
             Began as a Vine Stalker Brigand on July 18, 2021.
             Was a Priest of Dithmenos.
             Slain by a black mamba (7 damage)
             ... on level 2 of the Lair of Beasts.
             The game lasted 00:27:30 (10764 turns).

HAL9000 the Covert (Vine Stalker Brigand)          Turns: 10764, Time: 00:27:31

Health: -3/53      AC:  9    Str: 17    XL:     11   Next: 69%
Magic:  0/12       EV: 13    Int: 12    God:    Dithmenos [***...]
Gold:   662        SH:  6    Dex: 15    Spells: 7/10 levels left

rFire    . . .     SeeInvis .   e - +1 dagger (drain)
rCold    . . .     Faith    .   I - +1 buckler
rNeg     + . .     Spirit   +   J - +1 robe
rPois    .         Reflect  .   j - +0 helmet
rElec    .         Harm     .   c - +0 cloak
rCorr    +         Rampage  .   q - +2 pair of gloves
Will     +....                  k - +0 pair of boots
Stlth    ++++++++..             (no amulet)
HPRegen  1.17/turn              C - ring of positive energy
MPRegen  0.13/turn              l - ring of resist corrosion

@: lethally poisoned (-3 -> -7), wreathed by umbra
A: fangs 3, regeneration 1, magic shield, antimagic bite, no potion heal 2
a: Renounce Religion, Shadow Step


You were on level 2 of the Lair of Beasts.
You worshipped Dithmenos.
Dithmenos was most pleased with you.
You visited 3 branches of the dungeon, and saw 11 of its levels.

You collected 662 gold pieces.

Inventory:

Hand Weapons
 a - a +2 dagger of freezing
 e - a +1 dagger of draining (weapon)
 A - a +0 hunting sling of flaming
Missiles
 d - 15 poisoned darts (quivered)
 w - 52 sling bullets
 z - 6 javelins
Armour
 c - a +0 cloak (worn)
 j - a +0 helmet (worn)
 k - a +0 pair of boots (worn)
 q - a +2 pair of gloves (worn)
 I - a +1 buckler (worn)
 J - a +1 robe (worn)
Jewellery
 l - a ring of resist corrosion (right hand)
 o - a ring of magical power
 C - a ring of positive energy (left hand)
Wands
 v - a wand of flame (57)
 E - a wand of paralysis (16)
 G - a wand of polymorph (7)
Scrolls
 b - a scroll of fog {unknown}
 h - a scroll of acquirement {unknown}
 i - a scroll of vulnerability
 n - a scroll of magic mapping
 p - a scroll of identify
 s - a scroll of torment
 t - a scroll of enchant armour
 x - a scroll of silence
 B - 2 scrolls of brand weapon
 F - a scroll of immolation
Potions
 f - 2 potions of curing
 g - 2 potions of brilliance
 m - a potion of ambrosia
 r - 3 potions of attraction
 u - 3 potions of flight
 D - a potion of mutation


   Skills:
 - Level 4.0 Fighting
 - Level 10.1 Short Blades
 - Level 3.0 Throwing
 + Level 4.2 Dodging
 - Level 14.1 Stealth
 - Level 4.0 Shields
 - Level 5.2 Translocations


You had 7 spell levels left.
You knew the following spells:

 Your Spells              Type           Power      Damage    Failure   Level
a - Teleport Other        Tloc           12%        N/A       12%         3

Your spell library contained the following spells:

 Spells                   Type           Power      Damage    Failure   Level
 Gell's Gravitas          Tloc           6%         N/A       12%         3
 Lesser Beckoning         Tloc           6%         N/A       12%         3
 Sandblast                Erth           0%         2d4       32%         1
 Passwall                 Tmut/Erth      0%         N/A       45%         2
 Lee's Rapid Deconstruct  Erth           0%         3d5*      100%        5


Dungeon Overview and Level Annotations

Branches:
Dungeon (8/15)             Temple (1/1) D:4            Lair (2/6) D:8
  Swamp: Lair:2-4    Shoals: Lair:2-4     Snake: Lair:2-4    Spider: Lair:2-4

Altars:
Ashenzari
Cheibriados
Dithmenos
Elyvilon
Fedhas
Gozag
Hepliaklqana
Kikubaaqudgha
Nemelex Xobeh
Okawaru
Qazlal
Ru
Trog
Uskayaw
Wu Jian
Xom
Yredelemnul
Zin
Lugonu

Shops:
D:4 (   D:6 (


Innate Abilities, Weirdness & Mutations

You have razor-sharp teeth.
Your natural rate of healing is unusually fast.
When hurt, damage is shared between your health and your magic reserves.
Your bite disrupts and absorbs the magic of your enemies.
Potions cannot restore your health.


Message History

You feel sick. You block the black mamba's attack.
The blink frog blinks!
You closely miss the black mamba.
The black mamba is moderately wounded.
The black mamba bites you!
You are more poisoned.
The black mamba poisons you!
You are too injured to fight recklessly!
You miss the black mamba.
The black mamba is moderately wounded.
You feel sick. The black mamba bites you!
* * * LOW HITPOINT WARNING * * *
You barely miss the black mamba. Your bite misses the black mamba.
The black mamba is moderately wounded.
You feel sick. The black mamba bites you.
* * * LOW HITPOINT WARNING * * *
You are lethally poisoned!
The black mamba poisons you!
Unknown command.
Okay, then.
Your system rejects the healing.
You feel better. The black mamba closely misses you.
The blink frog hits you but does no damage.
Unknown command.
Okay, then.
Okay, then.
Casting: Teleport Other (dangerous; 12% risk of failure)
Confirm with . or Enter, or press ? or * to list all spells.
Okay, then.
Casting: Teleport Other (dangerous; 12% risk of failure)
Confirm with . or Enter, or press ? or * to list all spells.
Aiming: Teleport Other (dangerous; 12% risk of failure)
Press: ? - help, Shift-Dir - straight line, f - black mamba
Aim: a black mamba (moderately wounded, lightly drained, umbra, chance to affect: 50%)
The black mamba looks slightly unstable.
The black mamba bites you!
* * * LOW HITPOINT WARNING * * *
You are lethally poisoned!
The black mamba poisons you! You block the blink frog's attack.
The black mamba bites you!
You die...

## ####.##### #........#
P##.....F.## #### ##
.........F.###@F### ##.
............###S..# #..
..........$..#.FF.# #..
../....†.....F....# ### ###..
##..>.............####.####.#..
##....F......#................
#...........#................
#...........#...##.###P####..
#...........#...#### ### #...


You could see a black mamba (drained) and 3 blink frogs.

Vanquished Creatures
  A hydra (Lair:1)
  A black mamba (Lair:2)
  2 cane toads (Lair:1)
  A komodo dragon (Lair:1)
  9 blink frogs
  Sigmund (D:2)
  A spriggan (D:8)
  2 wyverns
  2 basilisks (Lair:1)
  12 yaks
  11 water moccasins
  An acid dragon (D:8)
  An orc warrior (D:8)
  4 ice beasts
  4 ogres
  3 sky beasts
  A hornet zombie (D:7)
  3 necrophages
  3 black bears
  A centaur (D:7)
  A kobold brigand (D:8)
  5 bullfrogs
  2 water moccasin zombies
  A wyvern zombie (D:7)
  3 scorpions
  5 wights (D:8)
  2 howler monkeys
  5 electric eels (D:8)
  A centaur zombie (D:7)
  3 hounds
  A jelly (D:6)
  3 bullfrog skeletons
  An orc priest (D:6)
  4 orc wizards
  4 iguanas
  A killer bee zombie (D:5)
  Robin (D:2)
  A howler monkey zombie (D:8)
  3 adders
  2 ufetubi
  An adder skeleton (D:4)
  4 dart slugs
  2 worms (D:3)
  8 orcs
  7 ball pythons
  9 bats
  8 endoplasms
  3 giant cockroaches
  21 goblins
  6 hobgoblins
  7 jackals
  3 quokkas
  3 frilled lizards
  10 kobolds
  4 rats
209 creatures vanquished.

Vanquished Creatures (others)
  A sky beast (D:7)
  2 ogres (D:7)
  A kobold brigand (D:7)
  A killer bee (D:7)
  A centaur skeleton (D:7)
  An iguana (D:7)
  10 fungi
  21 plants
38 creatures vanquished.

Grand Total: 247 creatures vanquished

Notes
Turn   | Place    | Note
-------+----------+-------------------------------------------
     0 | D:1      | HAL9000 the Vine Stalker Brigand began the quest for the
                  | Orb.
     0 | D:1      | Reached XP level 1. HP: 11/11 MP: 2/2
    52 | D:1      | Reached XP level 2. HP: 15/15 MP: 1/3
   428 | D:1      | Reached XP level 3. HP: 18/18 MP: 4/4
   661 | D:2      | Noticed Robin
  1340 | D:2      | Killed Robin
  1341 | D:2      | Gained mutation: Your natural rate of healing is unusually
                  | fast. [Vine Stalker growth]
  1341 | D:2      | Reached XP level 4. HP: 11/23 MP: 3/5
  1747 | D:2      | Found a faded altar of an unknown god.
  2055 | D:2      | Noticed Sigmund
  2070 | D:2      | Killed Sigmund
  2071 | D:2      | Reached skill level 5 in Short Blades
  2071 | D:2      | Reached XP level 5. HP: 26/26 MP: 6/6
  2071 | D:2      | Reached XP level 6. HP: 30/30 MP: 7/7
  2715 | D:4      | Found a basalt altar of Yredelemnul.
  2722 | D:4      | Noticed a wyvern
  2736 | D:4      | Killed a wyvern
  2737 | D:4      | Reached XP level 7. HP: 4/35 MP: 2/8
  3027 | D:4      | Found an ornate altar of the Wu Jian Council.
  3050 | D:4      | Found Kinuwoe's Weapon Emporium.
  3109 | D:4      | Found a staircase to the Ecumenical Temple.
  3222 | Temple   | Entered the Ecumenical Temple
  3261 | Temple   | Became a worshipper of Dithmenos the Shadowed
  3385 | D:4      | Found a broken altar of Ashenzari.
  3389 | D:4      | Saw a vision of the Swamp and the Snake Pit.
  3389 | D:4      | Noticed a black mamba
  3389 | D:4      | Noticed a shock serpent
  3389 | D:4      | Noticed a black mamba
  3389 | D:4      | Noticed a mana viper
  3389 | D:4      | Noticed a vampire mosquito
  3389 | D:4      | Noticed a vampire mosquito
  3389 | D:4      | Noticed a vampire mosquito
  3389 | D:4      | Noticed a goliath frog
  3835 | D:5      | Entered Level 5 of the Dungeon
  3964 | D:5      | Found an iron altar of Okawaru.
  4045 | D:5      | Gained mutation: You have razor-sharp teeth. [Vine Stalker
                  | growth]
  4045 | D:5      | Reached XP level 8. HP: 32/39 MP: 9/9
  4344 | D:5      | Found a glowing silver altar of Zin.
  4758 | D:6      | Found Rotomy's Antique Weapon Shop.
  5043 | D:5      | Found an iron altar of Okawaru.
  5249 | D:5      | Found a glowing silver altar of Zin.
  5783 | D:6      | Found a stormy altar of Qazlal.
  5830 | D:6      | Reached XP level 9. HP: 43/45 MP: 10/10
  5942 | D:6      | Reached * piety under Dithmenos
  6124 | D:6      | Reached skill level 10 in Short Blades
  6144 | D:6      | Found a white marble altar of Elyvilon.
  6155 | D:6      | Reached skill level 5 in Stealth
  6517 | D:7      | Found a shimmering altar of Xom.
  6550 | D:7      | Reached skill level 6 in Stealth
  6735 | D:7      | Reached skill level 7 in Stealth
  6929 | D:7      | Reached skill level 8 in Stealth
  7492 | D:8      | Found a bloodstained altar of Trog.
  7535 | D:8      | Reached skill level 9 in Stealth
  7617 | D:8      | Found a sparkling altar of Nemelex Xobeh.
  7676 | D:8      | Reached skill level 10 in Stealth
  7744 | D:8      | Reached XP level 10. HP: 21/49 MP: 3/11
  7980 | D:8      | Reached ** piety under Dithmenos
  8025 | D:8      | Reached skill level 11 in Stealth
  8368 | D:8      | Found a staircase to the Lair.
  8748 | D:8      | Found a faded altar of an unknown god.
  8750 | D:8      | Found a hazy altar of Hepliaklqana.
  8781 | D:8      | Reached skill level 12 in Stealth
  8919 | Lair:1   | Entered Level 1 of the Lair of Beasts
  8947 | D:8      | Reached skill level 1 in Shields
  9260 | D:8      | HP: 2/73 [poisoned by a water moccasin]
  9266 | D:8      | HP: 1/73 [poisoned by a water moccasin]
  9271 | D:8      | HP: 1/73 [poisoned by a water moccasin]
  9414 | D:8      | Reached skill level 13 in Stealth
  9499 | Lair:1   | Reached XP level 11. HP: 47/53 MP: 12/12
  9655 | Lair:1   | Reached skill level 14 in Stealth
  9686 | Lair:1   | Learned a level 3 spell: Teleport Other
  9699 | Lair:1   | Reached skill level 1 in Translocations
  9882 | Lair:1   | Noticed a seven-headed hydra
  9889 | Lair:1   | Killed a seven-headed hydra
  9973 | Lair:1   | Reached *** piety under Dithmenos
 10089 | Lair:1   | Reached skill level 5 in Translocations
 10241 | Lair:1   | Reached skill level 1 in Dodging
 10764 | Lair:2   | Slain by a black mamba

Illustrated notes

Levels and vault maps discovered:
D:1:      scummos_arrival_checkerplants, layout_basic, minmay_misc_feat_iff
D:2:      layout_rooms, ebering_ecumenical_altar_abandoned, uniq_sigmund,
          uniq_robin
D:3:      layout_basic, kennysheep_generic_room_9
D:4:      layout_basic, grunt_ashenzari_visionary
          [grunt_ashenzari_visionary_swamp, grunt_ashenzari_visionary_snake],
          mainiacjoe_overflow_six_doors_small, amcnicky_altar_gilded,
          minmay_temple_entry_statues, serial_shops, shop
D:5:      minmay_recursive_quarters, layout_basic, zin_treasury,
          okawaru_metal_pillars_1_2, chequers_garden, dk_noncrumbling_4
D:6:      layout_loops_cross, nicolae_qazlal_scattered_showers,
          mainiacjoe_overflow_boulevard, serial_shops, shop
D:7:      layout_basic, xom_confusion_cloud
D:8:      layout_loops_ring, beargit_hepliaklqana_dungeon_heroes,
          mainiacjoe_overflow_concentric_impassable, lemuel_doored_altar,
          grunt_lair_entry_orc_guard_hut, chequers_big_river
Temple:   corrupted_temple
Lair:1:   layout_cave_shapes, mumra_transporter_accident, minivault_11,
          grunt_megastairs_3
Lair:2:   layout_gridlike, minmay_swamp_entry_worms, grunt_megastairs_4,
          infiniplex_staircase_pool_2, lemuel_fruit_tree, uniq_erica

Skill      XL: |  1  2  3  4  5  6  7  8  9 10 11 |
---------------+----------------------------------+-----
Throwing       | 2 3 |  3.0
Short Blades   | 2 5 6 7 9 10 | 10.1
Fighting       | 2 3 4 |  4.0
Stealth        | 10 13 14 | 14.1
Shields        | 4 |  4.0
Translocations | 5 |  5.2
Dodging        | 4 |  4.2

Action                   |  1- 3 |  4- 6 |  7- 9 | 10-12 || total
-------------------------+-------+-------+-------+-------++-------
Melee: Dagger            |    99 |   113 |   367 |   499 ||  1078
       Bite              |    25 |    25 |   123 |   136 ||   309
 Fire: Hunting sling     |       |       |       |     5 ||     5
Throw: Dart              |     2 |    22 |    63 |    32 ||   119
       Boomerang         |       |     3 |       |       ||     3
 Cast: Teleport Other    |       |       |       |     1 ||     1
  Use: Scroll            |       |       |    10 |     8 ||    18
       Potion            |       |       |       |     2 ||     2
 Stab: Sleeping          |    10 |     8 |     9 |    10 ||    37
       Distracted        |       |     1 |       |       ||     1
Armor: Robe              |    40 |    32 |    86 |    76 ||   234
       Skin              |       |       |       |    15 ||    15
Dodge: Dodged            |    44 |    53 |   123 |   172 ||   392
Block: Buckler           |       |       |       |    68 ||    68

Table legend: (Time is in decaauts)
 A = Elapsed time spent in this place.
 B = Non-inter-level travel time spent in this place.
 C = Inter-level travel time spent in this place.
 D = Time resting spent in this place.
 E = Time spent auto-exploring this place.
 F = Levels seen in this place.
 G = Mean time per level.
                   A        B        C        D        E       F      G
               +--------+--------+--------+--------+--------+-----+--------+
         Total |  10338 |   9662 |    676 |   1403 |   6144 |  11 |  939.8 |
       Dungeon |   9019 |   8413 |    606 |   1277 |   5391 |   8 | 1127.4 |
        Temple |     55 |     29 |     26 |      0 |     28 |   1 |   55.0 |
          Lair |   1264 |   1220 |     44 |    126 |    724 |   2 |  632.0 |
               +--------+--------+--------+--------+--------+-----+--------+

Top non-repeatable levels by time:
     D:8: 1901 daAuts
     D:5: 1591 daAuts
     D:1: 1377 daAuts
     D:4: 1100 daAuts
  Lair:1: 975 daAuts
     D:7: 900 daAuts
     D:2: 849 daAuts
     D:6: 673 daAuts
     D:3: 624 daAuts
  Lair:2: 288 daAuts
  Temple: 55 daAuts
